 Dungeon Crawl Stone Soup version 0.29.0-11-gd7f09526c8 (webtiles) character file.

Game seed: 12038647282206294624

118 ILmort the Trooper (level 4, -11/37 HPs)
             Began as a Demonspawn Fighter on Aug 27, 2022.
             Mangled by a gnoll
             ... wielding a +0 halberd
             ... led by a gnoll bouda
              (18 damage)
             ... on level 3 of the Dungeon on Sept 4, 2022.
             The game lasted 00:05:24 (2920 turns).

ILmort the Trooper (Demonspawn Fighter)             Turns: 2920, Time: 00:05:24

Health: -11/37     AC:  7    Str: 18    XL:     4   Next: 72%
Magic:  4/4        EV:  9    Int: 10    God:
Gold:   111        SH:  4    Dex: 12    Spells: 3/3 levels left

rFire   . . .      SeeInvis .   a - +0 flail
rCold   . . .      Faith    .   c - +0 buckler
rNeg    . . .      Spirit   .   b - +0 scale mail
rPois   .          Reflect  .   (no helmet)
rElec   .          Harm     .   r - +0 cloak
rCorr   .          Rampage  .   (no gloves)
Will    .....                   (no boots)
Stlth   ..........              (no amulet)
HPRegen 0.12/turn               (no ring)
MPRegen 0.09/turn               (no ring)

@: no status effects
A: weakness stinger 2
a: no special abilities


You were on level 3 of the Dungeon.
You visited 1 branch of the dungeon, and saw 3 of its levels.

You collected 111 gold pieces.

Inventory:

Hand Weapons
 a - a +0 flail (weapon)
Armour
 b - a +0 scale mail (worn)
 c - a +0 buckler (worn)
 f - a +0 leather armour
 r - a +0 cloak (worn)
Jewellery
 e - a ring of positive energy
Scrolls
 g - a scroll of teleportation {unknown}
 h - a scroll of silence {unknown}
 i - a scroll of identify {unknown}
 k - 2 scrolls of immolation {unknown}
 l - 2 scrolls of enchant weapon {unknown}
 n - a scroll of fear {unknown}
 p - a scroll of blinking {unknown}
Potions
 d - 3 potions of might
 j - a potion of cancellation {unknown}
 m - 2 potions of flight {unknown}
 o - 2 potions of heal wounds {unknown}
 q - a potion of curing {unknown}


   Skills:
 + Level 4.0 Fighting
 * Level 3.8 Maces & Flails
 - Level 2.6 Armour
 - Level 2.6 Shields


You had 3 spell levels left.
You didn't know any spells.
Your spell library contained the following spells:

 Spells                   Type           Power      Damage    Failure   Level
 Beastly Appendage        Tmut           0%         N/A       85%         1
 Summon Small Mammal      Summ           0%         N/A       85%         1
 Wereblood                Tmut           0%         N/A       94%         2
 Call Canine Familiar     Summ           0%         N/A       99%         3
 Gell's Gravitas          Tloc           0%         N/A       99%         3
 Lesser Beckoning         Tloc           0%         N/A       99%         3
 Spider Form              Tmut/Pois      0%         N/A       99%         3
 Summon Guardian Golem    Hex/Summ       0%         N/A       99%         3
 Teleport Other           Tloc           0%         N/A       99%         3


Dungeon Overview and Level Annotations

Branches:
Dungeon (3/15)

Altars:


Innate Abilities, Weirdness & Mutations

You have a tail ending in a sharp stinger.


Message History

You start resting.
l - 2 scrolls labelled ZORUBE KYOFF (gained 1)
You see here a +2 long sword of protection.
A gnoll bouda comes into view. It is wielding a +0 whip.
The gnoll bouda shouts!
You hear a shout! x2
The gnoll bouda gazes fiercely through you!
You feel your attacks grow feeble.
Your attacks no longer feel as feeble.
The gnoll bouda barks out a call to the hunt!
The gnoll bouda hits you with a +0 whip.
You completely miss the gnoll bouda.
The gnoll bouda gazes fiercely through you!
You feel your attacks grow feeble. The gnoll bouda barely misses you.
You closely miss the gnoll bouda. The gnoll bouda barely misses you.
The gnoll shouts!
You hit the gnoll bouda.
You hear a shout!
The gnoll bouda hits you with a +0 whip.
The gnoll hits you from afar with a +0 halberd!
You hit the gnoll bouda. You block the gnoll bouda's attack.
The gnoll hits you but does no damage.
You barely miss the gnoll bouda. The gnoll bouda barely misses you.
The gnoll drinks a potion.
The gnoll seems to grow stronger.
The gnoll closely misses you.
A gnoll comes into view. It is wielding a +0 flail.
The gnoll bouda hits you with a +0 whip.
* * * LOW HITPOINT WARNING * * *
The gnoll bouda barks out a call to the hunt!
The gnoll picks up the pace!
You closely miss the gnoll bouda.
Your attacks no longer feel as feeble.
A gnoll comes into view. It is wielding a +0 club.
You block the gnoll bouda's attack. The gnoll closely misses you.
The gnoll moves out of view.
You barely miss the gnoll bouda.
The gnoll bouda hits you with a +0 whip.
* * * LOW HITPOINT WARNING * * *
The gnoll hits you from afar with a +0 halberd!!
You die...

##### ##)..## ##.....##
######## #.......#
##......## #.......#
##........# #.......#
#.......... ##.....####
#.......... #.........#
#..........
#.......#@###
#..........
#.......#g..##
#..........
##......g##..#
##..>.....#
##...##g###.#
##.........
######..##.###..........
##.##..)...........
#.#####...........
#######.#####...........
#....................†..


You could see a gnoll bouda and 2 gnolls.

Vanquished Creatures
  3 gnolls (D:3)
  4 adders
  2 worms (D:2)
  A dart slug (D:1)
  6 endoplasms
  3 giant cockroaches
  3 goblins (D:1)
  5 hobgoblins
  3 ball pythons
  3 bats
  9 frilled lizards
  3 kobolds
  4 rats
49 creatures vanquished.

Notes
Turn   | Place    | Note
-------+----------+-------------------------------------------
     0 | D:1      | ILmort the Demonspawn Fighter began the quest for the Orb.
     0 | D:1      | Reached XP level 1. HP: 18/18 MP: 1/1
   283 | D:1      | Gained mutation: You have a small tail. [demonic ancestry]
   283 | D:1      | Reached XP level 2. HP: 12/24 MP: 2/2
   916 | D:1      | Upgraded the game from 0.29.0-4-gdea44cf6ec to
                  | 0.29.0-5-ge4962eb29e
  1107 | D:1      | Upgraded the game from 0.29.0-5-ge4962eb29e to
                  | 0.29.0-7-g18a832c13a
  1107 | D:1      | Upgraded the game from 0.29.0-7-g18a832c13a to
                  | 0.29.0-11-gd7f09526c8
  1281 | D:2      | Gained mutation: You have a tail ending in a sharp stinger.
                  | [demonic ancestry]
  1281 | D:2      | Reached XP level 3. HP: 26/29 MP: 3/3
  2025 | D:2      | Reached XP level 4. HP: 16/37 MP: 4/4
  2592 | D:3      | Reached skill level 4 in Fighting
  2920 | D:3      | Mangled by a gnoll

Illustrated notes

Levels and vault maps discovered:
D:1:      doesnt_arrival_eight_statues, layout_loops_corners, minivault_14,
          serial_bayou_crossing
D:2:      layout_loops_ring
D:3:      layout_rooms, nzn_hepliaklqana_mist_gate, kennysheep_generic_room_9

Skill      XL: |  1  2  3  4 |
---------------+-------------+-----
Maces & Flails | 2 3 |  3.8
Fighting       | 4 |  4.0
Armour         | |  2.6
Shields        | |  2.6

Action                   |  1- 3 |  4- 6 || total
-------------------------+-------+-------++-------
Melee: Flail             |   131 |    40 ||   171
       Tailslap          |     4 |     3 ||     7
Armor: Scale mail        |    58 |    13 ||    71
Dodge: Dodged            |    56 |    19 ||    75
Block: Buckler           |    21 |    15 ||    36
